 Dungeon Crawl Stone Soup version 0.16-a0-2145-g6af420d (webtiles) character file.

112 ztt the Skirmisher (level 4, 0/42 HPs)
             Began as a Minotaur Fighter on Nov 13, 2014.
             Slain by an orc wizard
             ... wielding a +0 dagger
              (3 damage)
             ... on level 3 of the Dungeon.
             The game lasted 00:02:18 (1326 turns).

ztt the Skirmisher (Minotaur Fighter)               Turns: 1326, Time: 00:02:18

Health: 0/42       AC: 11    Str: 21    XL:     4   Next: 64%
Magic:  2/2        EV:  5    Int:  5    God:
Gold:   148        SH: 10    Dex: 17    Spells: 0 memorised, 3 levels left

rFire  . . .     SeeInvis .     a - +0 war axe
rCold  . . .     Clarity  .     n - +0 chain mail
rNeg   . . .     SustAb   .     c - +0 shield
rPois  .         Gourm    .     (helmet restricted)
rElec  .         Spirit   .     (no cloak)
rCorr  .         Warding  .     f - +0 pair of gloves (curse)
rMut   .         Stasis   .     (no boots)
MR     .....                    (no amulet)
Stlth  ..........               k - +2 ring of dexterity (curse)
                                p - +5 ring of dexterity

@: not resistant to hostile enchantments, extremely unstealthy
A: retaliatory headbutt, horns 2
a: no special abilities


You were on level 3 of the Dungeon.
You were near starving.

You visited 1 branch of the dungeon, and saw 3 of its levels.

You collected 148 gold pieces.

Inventory:

Hand weapons
 a - a +0 war axe (weapon)
Armour
 b - a +0 scale mail
 c - a +0 shield (worn)
 f - a cursed +0 pair of gloves (worn)
 n - a +0 chain mail (worn)
Jewellery
 i - an uncursed ring of protection from cold
 k - a cursed +2 ring of dexterity (right hand)
 p - a +5 ring of dexterity (left hand)
Scrolls
 h - 3 scrolls of recharging
 m - 3 scrolls of teleportation {unknown}
 o - a scroll of immolation {unknown}
 s - a scroll of random uselessness {unknown}
 t - a scroll of noise {unknown}
Potions
 e - a potion of might
 j - 3 potions of resistance
 r - a potion of flight {unknown}
 u - a potion of mutation {unknown}
Comestibles
 d - a bread ration
 g - a beef jerky


   Skills:
 + Level 5.1 Fighting
 + Level 3.2 Axes
 + Level 5.0 Armour
 - Level 3.6 Shields


You had 3 spell levels left.
You didn't know any spells.

Dungeon Overview and Level Annotations

Branches:
Dungeon (3/15)

Altars:
Ru


Innate Abilities, Weirdness & Mutations

You reflexively headbutt those who attack you in melee.
You have a pair of horns on your head.


Message History

Read which item? (? for menu, Esc to quit)
Okay, then.
Drink which item? (? for menu, Esc to quit)
You feel protected.
It was a potion of resistance.
Something hits you.
* * * LOW HITPOINT WARNING * * *
You block the gnoll's attack.
Drink which item? (? for menu, Esc to quit)
You feel protected. Something hits you but does no damage.
The gnoll hits you but does no damage. Something hits you but does no damage.
Drink which item? (? for menu, Esc to quit)
Your magical effects are unravelling.
You feel magically purged.
It was a potion of cancellation.
Your resistance to elements expires.
Something hits you but does no damage.
Drink which item? (? for menu, Esc to quit)
It has a very clean taste.
It was a potion of cure mutation.
You block its attack. The gnoll barely misses you. Something hits you.
You die...

##...............############.#.#
........###.##...##..............
........###.##...##.#######...###
..###+#.......†..'..##.....).....
..# ########...#####.#......###
..## #...........####...#....#
..... ................>.#....#
..### ..#######.....#(..#....#
..# #@###.....#....# ###
#.#............#
.########g#.#......#...#
#...S..o.oS.....[....[..#
......................#..
.........#.#.##.....####
.....#..#.#.##.#..## .#.#
#.##.#.......... .. #.
..####.#..###


You could see a gnoll, an adder and an orc.

Vanquished Creatures
  A giant mite (D:1)
  3 adders (D:2)
  A worm (D:2)
  3 giant geckos
  An ooze (D:1)
  2 orcs (D:3)
  6 giant cockroaches
  9 hobgoblins
  2 quokkas (D:2)
  7 bats
  6 giant newts
  9 goblins
  A jackal (D:1)
  A jackal skeleton (D:2)
  5 kobolds
  A kobold skeleton (D:2)
  10 rats
68 creatures vanquished.

Notes
Turn   | Place    | Note
--------------------------------------------------------------
     0 | D:1      | ztt, the Minotaur Fighter, began the quest for the Orb.
     0 | D:1      | Reached XP level 1. HP: 19/19 MP: 1/1
    59 | D:1      | Reached skill level 4 in Fighting
    62 | D:1      | Reached XP level 2. HP: 25/27 MP: 1/1
   174 | D:1      | Reached XP level 3. HP: 29/34 MP: 2/2
   654 | D:2      | Found a sacrificial altar of Ru.
   729 | D:2      | Reached XP level 4. HP: 35/41 MP: 2/2
   823 | D:2      | Reached skill level 5 in Fighting
  1249 | D:3      | Reached skill level 5 in Armour
  1326 | D:3      | Slain by an orc wizard

Action                   |  1- 3 |  4- 6 || total
-------------------------+-------+-------++-------
Melee: War axe           |    95 |    49 ||   144
  Use: Scroll            |     2 |       ||     2
       Potion            |       |     4 ||     4
